 Dungeon Crawl Stone Soup version 0.29-a0-214-g17f627cfee (webtiles) character file.

Game seed: 10525220191739269438

867977 Hasart the Crack Shot (level 27, -6/243 HPs)
             Began as a Demigod Hunter on Feb 23, 2022.
             Killed from afar by a Brimstone Fiend (19 damage)
             ... with damnation
             ... in Pandemonium on Feb 24, 2022.
             The game lasted 05:02:05 (83524 turns).

Hasart the Crack Shot (Demigod Hunter)             Turns: 83524, Time: 05:02:06

Health: -6/243     AC: 19    Str: 12    XL:     27
Magic:  0/48       EV: 56    Int: 21    God:
Gold:   6814       SH:  0    Dex: 57    Spells: 19/57 levels left

rFire   . . .      SeeInvis +   o - +8 longbow "Zephyr" {speed, Dex+3 SInv}
rCold   + . .      Faith    .   (shield currently unavailable)
rNeg    + + +      Spirit   +   t - +4 troll leather armour
rPois   +          Reflect  .   H - -2 hat of the Alchemist {rElec rPois rF+ rC+ rN+ Will+ rMut rCorr}
rElec   +          Harm     .   O - +4 dragonskin cloak
rCorr   +          Rampage  .   S - +3 Mad Mage's Maulers {Infuse+∞ RegenMP Int-3}
rMut    +                       Z - +0 pair of boots "Elicefih" {rN++}
Will    ++++.                   b - amulet "Akitino" {Spirit Will+ Int+3}
Stlth   ++++++++++              R - ring "Cefyonont" {Str-3 Int+4 Dex+6 Slay+4}
HPRegen 1.30/turn               y - ring of Ceaf {EV+4 Int+6}
MPRegen 0.71/turn

@: about to teleport, fire vulnerable, studying 2 skills
A: high MP 1, forlorn, divine attributes, camouflage 1, agile 1, dopey 1, weak 1
}: 8/15 runes: barnacled, silver, abyssal, demonic, glowing, magical, dark,
gossamer
a: no special abilities


You were in Pandemonium.
You visited 12 branches of the dungeon, and saw 56 of its levels.
You visited Pandemonium 2 times, and saw 13 of its levels.
You visited the Abyss 3 times.
You also visited: Trove.

You collected 13298 gold pieces.
You spent 6484 gold pieces at shops.

Inventory:

Hand Weapons
 o - the +8 longbow "Zephyr" (weapon) {speed, Dex+3 SInv}
   (You bought it in a shop on level 8 of the Dungeon)

   Attacks with this weapon are significantly faster.
   Dex:       It affects your dexterity (+3).
   SInv:      It lets you see invisible.
 M - a +3 longbow of freezing
Missiles
 P - 14 throwing nets
Armour
 p - a scarf of repulsion
 t - a +4 troll leather armour (worn)
 H - the -2 hat of the Alchemist (worn) {rElec rPois rF+ rC+ rN+ Will+ rMut rCorr}
   (You found it on level 1 of the Depths)

   rF:        It protects you from fire.
   rC:        It protects you from cold.
   rElec:     It insulates you from electricity.
   rPois:     It protects you from poison.
   rN:        It protects you from negative energy.
   rCorr:     It protects you from acid and corrosion.
   rMut:      It protects you from mutation.
   Will:      It increases your willpower.
 I - the +3 salamander hide armour {Flames rF++ rC--}
   (You found it on level 2 of the Vaults)

   It surrounds you with a cloud of flames.
   It grants immunity to clouds of flame.
   It enhances your fire magic.
   rF:        It greatly protects you from fire.
   rC:        It makes you very vulnerable to cold.
 O - the +4 dragonskin cloak (worn)
   (You took it off Tiamat on level 2 of the Realm of Zot)

   It grants the wearer a chance to resist fire, cold, poison, electricity,
   acid, and negative energy.
 S - the +3 Mad Mage's Maulers (worn) {Infuse+∞ RegenMP Int-3}
   (You bought it in a shop on level 2 of the Orcish Mines)

   It empowers its wearer's blows with all of their magic.
   It causes its wearer's magical reserves to regenerate more quickly.
   Int:       It affects your intelligence (-3).
 Y - the +5 scale mail of Othrebav {+Inv rPois Regen+ SInv}
   (You found it on level 1 of the Depths)

   rPois:     It protects you from poison.
   SInv:      It lets you see invisible.
   +Inv:      It lets you turn invisible.
   Regen:     It increases your rate of health regeneration.
 Z - the +0 pair of boots "Elicefih" (worn) {rN++}
   (You found it on level 3 of the Elven Halls)

   rN:        It greatly protects you from negative energy.
Jewellery
 b - the amulet "Akitino" (around neck) {Spirit Will+ Int+3}
   (You found it in Pandemonium)

   [amulet of guardian spirit]

   It causes incoming damage to be divided between your reserves of health and
   magic.
   Int:       It affects your intelligence (+3).
   Will:      It increases your willpower.
 e - the ring "Miedwudgh" {rElec rPois rC+ MP+9 Int+2}
   (You found it in a treasure trove)

   [ring of magical power]

   Int:       It affects your intelligence (+2).
   rC:        It protects you from cold.
   rElec:     It insulates you from electricity.
   rPois:     It protects you from poison.
   MP:        It affects your magic capacity (+9).
 f - the ring of Kuixtyhi {rC+ Will+}
   (You found it on level 3 of the Crypt)

   [ring of protection from cold]

   rC:        It protects you from cold.
   Will:      It increases your willpower.
 q - a +4 ring of protection
 y - the ring of Ceaf (right hand) {EV+4 Int+6}
   (You took it off a deep elf demonologist on level 3 of the Elven Halls)

   [ring of evasion]

   EV:        It affects your evasion (+4).
   Int:       It affects your intelligence (+6).
 A - the ring "Fyajeomu" {Wiz Will+ rCorr Str-3 Int+2}
   (You took it off a tengu reaver on level 3 of the Depths)

   [ring of wizardry]

   It improves your spell success rate.
   Str:       It affects your strength (-3).
   Int:       It affects your intelligence (+2).
   rCorr:     It protects you from acid and corrosion.
   Will:      It increases your willpower.
 B - an amulet of reflection
 C - the ring "Saeklab" {rC+ Str+6 Int+6 SInv}
   (You took it off a tengu conjurer on level 3 of the Depths)

   [ring of strength]

   Str:       It affects your strength (+6).
   Int:       It affects your intelligence (+6).
   rC:        It protects you from cold.
   SInv:      It lets you see invisible.
 K - the ring "Hilitzyl" {rElec rPois rC- Str+4 Int+10}
   (You found it in a treasure trove)

   [ring of poison resistance]

   Str:       It affects your strength (+4).
   Int:       It affects your intelligence (+10).
   rC:        It makes you vulnerable to cold.
   rElec:     It insulates you from electricity.
   rPois:     It protects you from poison.
 R - the ring "Cefyonont" (left hand) {Str-3 Int+4 Dex+6 Slay+4}
   (You acquired it in Pandemonium)

   [ring of slaying]

   Str:       It affects your strength (-3).
   Int:       It affects your intelligence (+4).
   Dex:       It affects your dexterity (+6).
   Slay:      It affects your accuracy & damage with ranged weapons and melee
   (+4).
 X - the ring of the Devil's Advocate {Fly rPois rCorr SInv}
   (You found it in a treasure trove)

   [ring of resist corrosion]

   rPois:     It protects you from poison.
   SInv:      It lets you see invisible.
   Fly:       It grants you flight.
   rCorr:     It protects you from acid and corrosion.
Wands
 a - a wand of iceblast (21)
 j - a wand of mindburst (40)
 n - a wand of digging (5)
 N - a wand of acid (14)
Scrolls
 g - 9 scrolls of teleportation
 i - 22 scrolls of fear
 k - 8 scrolls of immolation
 r - 4 scrolls of enchant armour
 F - 6 scrolls of magic mapping
 J - 7 scrolls of blinking
 T - 4 scrolls of fog
 U - 3 scrolls of holy word
Potions
 c - 5 potions of heal wounds
 d - 36 potions of curing
 h - 10 potions of attraction
 l - 5 potions of haste
 m - 15 potions of flight
 s - 3 potions of mutation
 w - 5 potions of cancellation
 x - 13 potions of brilliance
 z - 12 potions of lignification
 D - 6 potions of berserk rage
 E - 6 potions of magic
 G - 4 potions of resistance
 L - 3 potions of invisibility
 Q - 2 potions of might
 W - 10 potions of ambrosia
Miscellaneous
 u - a condenser vane
 v - a box of beasts
 V - a tin of tremorstones (2/2)


   Skills:
 + Level 19.0 Fighting
 + Level 23.3 Bows
 - Level 12.0 Armour
 + Level 19.1 Dodging
 + Level 18.0 Stealth
 + Level 15.6 Spellcasting
 - Level 10.0 Conjurations
 - Level 17.0 Hexes
 - Level 12.0 Summonings
 * Level 6.7 Necromancy
 - Level 14.0 Translocations
 * Level 6.7 Transmutations
 - Level 7.0 Air Magic
 - Level 10.0 Evocations


You had 19 spell levels left.
You knew the following spells:

 Your Spells              Type           Power      Damage    Failure   Level
a - Blink                 Tloc           100%       N/A       1%          2
b - Enfeeble              Hex            36%        N/A       3%          7
c - Summon Guardian Gole  Hex/Summ       67%        N/A       1%          3
d - Cause Fear            Hex            36%        N/A       1%          4
e - Summon Forest         Summ/Tloc      31%        N/A       1%          5
f - Silence               Hex/Air        30%        N/A       1%          5
g - Iskenderun's Mystic   Conj/Tloc      61%        2d13      1%          4
h - Necromutation         Tmut/Necr      22%        N/A       100%        8

Your spell library contained the following spells:

 Spells                   Type           Power      Damage    Failure   Level
 Tukima's Dance           Hex            73%        N/A       0%          3
 Foxfire                  Conj/Fire      100%       2x1d9     1%          1
 Pain                     Necr           100%       1d9       1%          1
 Shock                    Conj/Air       100%       1d9       1%          1
 Ensorcelled Hibernation  Hex/Ice        100%       N/A       1%          2
 Static Discharge         Conj/Air       51%        N/A       1%          2
 Sublimation of Blood     Necr           44%        N/A       1%          2
 Wereblood                Tmut           44%        N/A       1%          2
 Conjure Flame            Conj/Fire      37%        6-21      1%          3
 Dazzling Flash           Conj/Hex       100%       N/A       1%          3
 Inner Flame              Hex/Fire       51%        N/A       1%          3
 Lesser Beckoning         Tloc           66%        N/A       1%          3
 Mephitic Cloud           Conj/Pois/Air  40%        N/A       1%          3
 Stone Arrow              Conj/Erth      74%        3d11      1%          3
 Vampiric Draining        Necr           44%        2d9       1%          3
 Anguish                  Hex/Necr       30%        N/A       1%          4
 Leda's Liquefaction      Hex/Erth       25%        N/A       1%          4
 Summon Lightning Spire   Summ/Air       54%        N/A       1%          4
 Iskenderun's Battlesphe  Conj           55%        2d11      1%          5
 Manifold Assault         Tloc           66%        N/A       1%          5
 Summon Mana Viper        Hex/Summ       67%        N/A       1%          5
 Airstrike                Air            22%        N/A       2%          4
 Animate Dead             Necr           22%        N/A       2%          4
 Spider Form              Tmut/Pois      30%        N/A       3%          3
 Irradiate                Conj/Tmut      25%        3d21      3%          5
 Lightning Bolt           Conj/Air       25%        1d41      3%          5
 Metabolic Englaciation   Hex/Ice        25%        N/A       3%          5
 Freeze                   Ice            64%        1d8       4%          1
 Summon Cactus Giant      Summ           30%        N/A       4%          6
 Ignite Poison            Fire/Tmut/Pois 25%        N/A       5%          3
 Flame Wave               Conj/Fire      37%        2d9       5%          4
 Hailstorm                Conj/Ice       37%        3d9       5%          4
 Sticky Flame             Conj/Fire      37%        2d6       5%          4
 Agony                    Necr           44%        N/A       8%          5
 Blade Hands              Tmut           22%        N/A       8%          5
 Excruciating Wounds      Necr           22%        N/A       8%          5
 Ice Form                 Ice/Tmut       30%        N/A       11%         4
 Petrify                  Tmut/Erth      30%        N/A       11%         4
 Freezing Cloud           Conj/Ice/Air   20%        6-21      12%         5
 Frozen Ramparts          Ice            32%        1d5       13%         3
 Ozocubu's Armour         Ice            16%        N/A       13%         3
 Fireball                 Conj/Fire      18%        3d9       16%         5
 Malign Gateway           Summ/Tloc      31%        N/A       19%         7
 Conjure Ball Lightning   Conj/Air       25%        3x3d7     21%         6
 Summon Hydra             Summ           30%        N/A       26%         7
 Discord                  Hex            36%        N/A       26%         8
 Borgnjor's Vile Clutch   Necr/Erth      15%        N/A       30%         5
 Death Channel            Necr           22%        N/A       38%         6
 Spellforged Servitor     Conj/Summ      29%        N/A       38%         7
 Orb of Destruction       Conj           27%        9d9       52%         7
 Haunt                    Necr/Summ      26%        N/A       61%         7
 Iron Shot                Conj/Erth      18%        9d4       65%         6
 Starburst                Conj/Fire      18%        6d7       65%         6
 Disjunction              Tloc           33%        N/A       67%         8
 Lee's Rapid Deconstruct  Erth           8%         3d8*      77%         5
 Simulacrum               Ice/Necr       15%        N/A       86%         6
 Statue Form              Tmut/Erth      20%        N/A       86%         6
 Storm Form               Tmut/Air       22%        N/A       91%         7
 Summon Horrible Things   Summ           30%        N/A       91%         8
 Dragon Form              Tmut           22%        N/A       93%         7
 Ignition                 Fire           8%         3d5       100%        8
 Infestation              Necr           22%        N/A       100%        8
 Maxwell's Capacitive Co  Air            22%        ∞         100%        8
 Chain Lightning          Conj/Air       25%        3d34      100%        9
 Fire Storm               Conj/Fire      18%        8d5       100%        9
 Polar Vortex             Ice            8%         N/A       100%        9
 Shatter                  Erth           8%         3d10*     100%        9


Dungeon Overview and Level Annotations

Branches:
Dungeon (15/15)            Temple (0/1) D:5            Lair (6/6) D:9
 Shoals (4/4) Lair:4       Spider (4/4) Lair:4        Slime (4/5) Lair:5
    Orc (2/2) D:11            Elf (3/3) Orc:2        Vaults (5/5) D:13
  Crypt (3/3) Vaults:3       Tomb (1/3) Crypt:3      Depths (4/4) D:15
    Zot (5/5) Depths:4

Shops:
D:2 !   D:8 ([[**   D:14 *[[   Orc:2 (*![!(   Elf:2 *   Elf:3 !   Shoals:1 :
Shoals:3 =   Vaults:2 (   Vaults:3 ((   Vaults:4 !   Zot:3 *   Depths:1 (*[:

Portals:
Hell: Depths:1 Depths:2 Depths:3 Depths:4
Abyss: Depths:1 Depths:3
Pandemonium: Depths:2
Ziggurat: Depths:3

Annotations:
D:6 1 runed translucent door, DEFE's ghost, novice OpFi
D:12 2 transporters, anonymous's ghost, journeyman DEEE
Shoals:2 3 runed translucent doors, Edirash's ghost, adept MiBe
Elf:2 3 runed translucent doors, exclusion: 3 doors
Depths:2 exclusion: 2 doors
Zot:2 1 exclusion
Zot:3 exclusion: downstairs
Zot:5 1 exclusion
Pan Cerebov


Innate Abilities, Weirdness & Mutations

You have an increased reservoir of magic. (+10% MP)
You shall have no god before yourself.
Your divine heritage dramatically boosts your attributes as you level up.
Your skin changes colour to match your surroundings (Stealth+).
You are agile. (Dex +2)
You are dopey. (Int -2)
You are weak. (Str -2)


Message History

Press: ? - help, Q - select action, (/) - cycle Shift-Dir - straight line, f/p - Brimstone Fiend
Aim: a Brimstone Fiend (severely wounded, weak, magic disrupted, 89% to hit)
You shoot an arrow. The arrow hits the Brimstone Fiend!
The Brimstone Fiend is severely wounded.
Cerebov's magic is no longer disrupted.
Cerebov is no longer weakened.
The Brimstone Fiend misses you. The Brimstone Fiend closely misses you.
The Brimstone Fiend completely misses you.
Cerebov closely misses you.
Okay, then.
As you read the scroll of teleportation, it crumbles to dust.
You feel strangely unstable.
Cerebov hits you with the +6 sword of Cerebov {flame}!!
* * * LOW HITPOINT WARNING * * *
Cerebov burns you.
* * * LOW HITPOINT WARNING * * *
The Brimstone Fiend misses you.
The Brimstone Fiend completely misses you. x2
Unknown command.
Unknown command.
Casting: Enfeeble (mildly dangerous; 3% risk of failure)
Confirm with . or Enter, or press ? or * to list all spells.
Aiming: Enfeeble (mildly dangerous; 3% risk of failure)
Press: ? - help, Shift-Dir - straight line, f - Cerebov, p - Brimstone Fiend
Aim: Cerebov, wielding the +6 sword of Cerebov {flame} (heavily wounded, fast, will inflict weakness and antimagic) Cerebov partially resists.
Cerebov is enfeebled!
Cerebov completely misses you.
The Brimstone Fiend calls on the powers of darkness!
Your body is wracked with pain!
* * * LOW HITPOINT WARNING * * *
Cerebov completely misses you.
Unknown command.
Unknown command.
Unknown command.
A ynoxinul comes into view.
Unknown command.
Cerebov gestures at you. The iron shot hits you!!!
* * * LOW HITPOINT WARNING * * *
The Brimstone Fiend gestures at you.
The sphere of damnation explodes!
The damnation engulfs you!!
You die...

§≈# #≈...§#.."#§..§≈#:|)#≈§..≈#
≈≈# #≈≈..§#))[#≈..§§#[.|#≈§.§§#
§##. ##≈≈≈≈#.}}#≈§§≈§#|):#≈≈≈≈##
####'####≈§###'###§§§###'###≈≈##.
# §...§######≈.≈#######≈.≈#####..
≈...§≈#≈≈≈§≈.≈§≈≈≈§§§§.≈≈§§≈#..
......'...........§§.§....§§'..
......'...).1.§§)......§)...'..
..&.§.'.....&.@.....§§.§....'..
1...§≈#≈§≈≈≈.≈≈≈≈≈3≈§≈.≈§≈≈≈#.. #
≈...≈######≈.≈#######§.§#####..
####'####≈§###'###§≈§###'###§≈##.
≈##. ##§≈≈≈#...#§§≈§≈#...#≈§§§##
≈≈# #≈≈..≈#.).#≈§..§#...#§.§≈≈#
.§# #≈...≈#...#≈.§.§#...#≈...≈#
.≈#####≈...§#####≈...≈#####§...≈≈
.≈≈§§≈§≈...≈≈§≈≈≈≈..^§≈≈≈≈≈§.....


You could see Cerebov (fast, weak, magic disrupted), a Brimstone Fiend (weak,
magic disrupted) and a ynoxinul (wandering).

Vanquished Creatures
  Dissolution (Slime:2)
  Gloorx Vloq (Pan)
  Lom Lobon (Pan)
  Mnoleg (Pan)
  Tiamat (Zot:2)
  Khufu (Crypt:2)
  A dread lich (Vaults:4)
  2 orbs of fire
  3 ancient liches
  2 juggernauts
  5 royal mummies
  3 Killer Klowns
  A caustic shrike (Depths:3)
  7 pandemonium lords (Pan)
  12 golden dragons
  A profane servitor (Abyss:5)
  Arachne (Spider:2)
  3 Tzitzimimeh (Pan)
  2 Brimstone Fiends (Pan)
  3 bone dragons
  4 electric golems
  2 walking crystal tomes
  Mlioglotl (Spider:2)
  Rupert (D:15)
  Jorgrun (Shoals:1)
  5 Ice Fiends (Pan)
  10 titans
  13 tentacled monstrosities
  7 liches
  3 walking earthen tomes
  5 Hell Sentinels (Pan)
  2 deep elf blademasters (Elf:3)
  3 Orb Guardians (Zot:5)
  7 quicksilver dragons
  2 deep elf master archers (Elf:3)
  A walking divine tome (Depths:3)
  8 ancient champions
  14 sphinxes
  12 death cobs
  19 Executioners
  Gastronok (Lair:3)
  8 tengu reavers
  6 acid blobs
  Roxanne (D:15)
  Kirke (Spider:3)
  8 shadow dragons
  20 storm dragons
  4 revenants
  Donald (Elf:1)
  3 rockslimes
  3 azure jellies
  A fenstrider witch (shapeshifter) (Depths:3)
  8 fire giants
  2 draconian monks
  A nargun (D:15)
  9 frost giants
  3 emperor scorpions
  6 demonspawn warmongers (Pan)
  3 deep elf sorcerers
  3 curse skulls
  32 balrugs (Pan)
  3 orc warlords
  5 draconian knights
  A juggernaut zombie (Depths:3)
  3 deep elf elementalists (Elf:3)
  5 ghost moths
  6 iron dragons
  19 vault wardens
  6 draconian shifters
  Louise (Shoals:1)
  A spriggan defender (Depths:2)
  3 draconian stormcallers
  25 cacodemons (Pan)
  7 draconian annihilators
  25 ironbound preservers
  9 demonspawn corrupters (Pan)
  8 draconian scorchers
  A war gargoyle (Vaults:5)
  17 stone giants
  13 demonspawn blood saints (Pan)
  14 reapers (Pan)
  12 ghouls
  4 ironbound thunderhulks (Vaults:3)
  8 deep elf demonologists
  A juggernaut skeleton (Crypt:3)
  17 very ugly things
  7 vampire knights
  7 quicksilver oozes
  5 caustic shrike skeletons (Crypt:3)
  12 green draconians
  A starcursed mass (Abyss:5)
  A broodmother (Spider:2)
  10 red draconians
  15 black draconians
  6 entropy weavers
  Nessos (D:14)
  9 white draconians
  Azrael (Orc:2)
  13 deep elf annihilators
  6 demonspawn black suns (Pan)
  10 lorocyprocas (Pan)
  5 purple draconians
  5 spark wasps
  10 yellow draconians
  12 dire elephants
  12 green deaths (Pan)
  15 blizzard demons (Pan)
  13 ettins
  An eidolon (Crypt:1)
  12 merfolk impalers
  2 deep elf high priests
  5 deep elf death magi
  14 fire dragons
  2 crystal guardians (Vaults:4)
  3 jiangshi (Crypt:2)
  5 mummy priests (Tomb:1)
  A spriggan zombie (Crypt:1)
  5 merfolk javelineers
  A quicksilver dragon skeleton (Crypt:2)
  10 great orbs of eyes
  An ice dragon (shapeshifter) (Vaults:5)
  5 rakshasas
  8 hydras
  4 ogre magi
  3 peacekeepers
  14 yaktaur captains
  Fannar (Lair:3)
  A fenstrider witch zombie (Crypt:3)
  6 radroaches
  11 ice dragons
  13 ironbound frosthearts
  31 vault guards
  A caustic shrike simulacrum (Crypt:1)
  7 spriggan air magi
  6 spriggan skeletons
  Erolcha (D:13)
  An anaconda (shapeshifter) (Vaults:4)
  7 centaur warriors
  8 boulder beetles
  5 hell beasts
  2 alligator snapping turtles
  3 merfolk avatars (Shoals:4)
  22 dancing weapons
  14 two-headed ogres
  An alligator (shapeshifter) (Depths:2)
  A jorogumo (Spider:1)
  12 death scarabs (Tomb:1)
  A hell hog (Depths:4)
  13 death yaks (Lair:6)
  5 tengu warriors
  6 deep troll earth magi
  2 orc high priests (Orc:2)
  A vampire mage (Depths:2)
  A hell knight (Depths:3)
  11 thrashing horrors (Abyss:5)
  88 sun demons (Pan)
  2 titan zombies
  3 spriggan berserkers (Depths:4)
  Nergalle (Lair:3)
  Sonja (Orc:2)
  12 soul eaters
  4 deep elf knights
  26 sixfirhies
  25 skeletal warriors
  13 shadow wraiths
  5 titan skeletons (Crypt:3)
  A wretched star (Abyss:5)
  6 pharaoh ants
  3 iron trolls
  A cherub (Pan)
  3 glowing orange brains
  A golden dragon zombie (Depths:3)
  2 quicksilver dragon simulacra
  11 sea snakes
  5 steelbarb worms
  5 flayed ghosts
  Lodul (D:14)
  A spatial maelstrom (Abyss:3)
  A sun moth (Spider:1)
  49 deep trolls
  6 orb spiders
  13 ironbound convokers
  5 shadow demons (Pan)
  4 deep elf archers
  A spriggan simulacrum (Crypt:1)
  39 large abominations
  An anaconda skeleton (Pan)
  3 bunyip skeletons
  10 orc knights
  A spark wasp zombie (Depths:3)
  18 wizards
  A bog body (Crypt:2)
  An iron giant skeleton (Crypt:3)
  8 phantasmal warriors
  10 deep elf zephyrmancers
  20 harpies
  13 deep elf pyromancers
  A fire giant zombie (Crypt:1)
  13 lindwurms
  12 wolf spiders
  A manticore (shapeshifter) (Abyss:5)
  3 necromancers
  8 orc sorcerers
  2 oklob plants (Shoals:3)
  4 fauns (Shoals:3)
  A worldbinder (Abyss:3)
  31 ugly things
  A wolf spider zombie (Crypt:3)
  4 draconians
  17 manticores
  A will-o-the-wisp (Abyss:5)
  A shadow dragon skeleton (Pan)
  2 shining eyes (Pan)
  7 merfolk sirens
  7 cyclopes
  4 black mambas
  36 moths of wrath
  4 stone giant skeletons
  An apocalypse crab (Abyss:5)
  22 smoke demons
  A rust devil (Pan)
  14 vault sentinels
  A fire giant skeleton (Crypt:2)
  Maurice (D:10)
  7 water nymphs
  11 elephants
  3 eyes of devastation
  A black mamba (shapeshifter) (Elf:3)
  A storm dragon simulacrum (Crypt:1)
  2 gargoyles
  A kobold demonologist (D:12)
  14 cane toads
  8 torpor snails
  A torpor snail (shapeshifter) (Depths:1)
  29 orange demons
  6 efreet
  33 yaktaurs
  2 hellions
  A rime drake (Lair:2)
  2 centaur skeletons (Pan)
  11 komodo dragons
  Psyche (D:11)
  2 anaconda simulacra (Crypt:1)
  9 tormentors (Pan)
  29 demonic crawlers
  A dire elephant skeleton (Crypt:3)
  An alligator snapping turtle skeleton (Crypt:3)
  5 tengu conjurers
  10 guardian mummies (Tomb:1)
  19 hellwings
  3 red devils (Pan)
  13 freezing wraiths
  An ice devil (Pan)
  A bunyip simulacrum (Crypt:3)
  An ancient zyme (Abyss:5)
  10 trolls
  A black draconian skeleton (Crypt:2)
  A queen bee (Spider:1)
  A death yak skeleton (Crypt:2)
  A harpy zombie (Crypt:1)
  A red draconian skeleton (Crypt:3)
  An iron troll skeleton (Crypt:2)
  A tengu simulacrum (Crypt:1)
  A hydra zombie (Tomb:1)
  2 polar bears
  9 hornets
  10 wind drakes
  30 merfolk
  5 raiju
  27 meliai
  14 tarantellas
  3 tarantellas (shapeshifter)
  8 blink frogs
  3 tyrant leeches (Lair:6)
  20 dream sheep
  3 harpy skeletons
  A guardian serpent zombie (Crypt:3)
  8 snapping turtles
  85 slime creatures
  16 jumping spiders
  3 centaur simulacra
  A draconian simulacrum (Crypt:1)
  A vampire (D:12)
  A culicivora (shapeshifter) (D:15)
  15 flying skulls (Tomb:1)
  16 culicivoras
  3 shadows
  14 water elementals
  2 ushabtiu (Tomb:1)
  6 air elementals
  3 ettin skeletons
  17 wraiths
  2 spriggans (Depths:4)
  5 hogs (Spider:4)
  16 humans
  A spriggan (shapeshifter) (Vaults:5)
  10 basilisks
  52 yaks
  46 ynoxinuls (Pan)
  18 golden eyes
  10 fire elementals
  A tyrant leech zombie (Crypt:3)
  An alligator snapping turtle simulacrum (Crypt:1)
  A golden eye (shapeshifter) (Elf:1)
  31 neqoxecs
  33 redbacks
  4 vampire mosquitoes
  35 chaos spawn
  A two-headed ogre zombie (Crypt:1)
  Menkaure (D:6)
  A warg (D:11)
  2 harpy simulacra
  A glowing shapeshifter zombie (Crypt:1)
  A demonspawn zombie (Crypt:2)
  An acid dragon (D:7)
  5 small abominations
  4 hell hounds
  2 floating eyes (Pan)
  3 naga skeletons
  18 water moccasins
  A deep troll skeleton (Crypt:2)
  An ice beast (D:7)
  22 orc warriors
  An ice dragon simulacrum (Crypt:1)
  3 black bears
  2 ogres (shapeshifter)
  3 boggarts (Vaults:2)
  A black mamba simulacrum (Crypt:1)
  6 necrophages
  A wolf (shapeshifter) (Depths:3)
  11 ogres
  2 ettin simulacra (Crypt:1)
  19 centaurs
  52 wolves
  A phantom (D:4)
  13 bullfrogs
  2 kobold brigands
  A gnoll sergeant (D:8)
  A naga simulacrum (Crypt:1)
  A two-headed ogre simulacrum (Crypt:1)
  2 earth elementals (Elf:1)
  5 scorpions
  A draconian skeleton (Crypt:3)
  A troll zombie (Crypt:3)
  A polar bear zombie (Crypt:1)
  15 killer bees
  17 wights
  6 howler monkeys
  5 electric eels
  A bullfrog zombie (D:6)
  6 centaur zombies
  A jelly (D:4)
  19 orc priests
  A hound (D:6)
  3 gnoll shamans
  Terence (D:2)
  An iguana (D:6)
  30 orc wizards
  6 hell rats (Lair:5)
  A killer bee zombie (D:5)
  An ogre zombie (Crypt:1)
  A tengu zombie (Crypt:1)
  11 mummies
  Robin (D:3)
  2 howler monkey zombies
  20 gnolls
  4 adders
  2 howler monkey skeletons
  4 white imps
  2 ufetubi
  A worm zombie (Crypt:2)
  An adder skeleton (Crypt:2)
  2 worms (D:2)
  3 dart slugs
  47 orcs
  7 ball pythons
  A bat zombie (Crypt:2)
  3 endoplasms
  7 giant cockroaches
  18 goblins
  8 hobgoblins
  8 jackals
  6 quokkas
  A ball python skeleton (Crypt:1)
  8 bats
  5 frilled lizards
  12 kobolds
  6 rats
  3 fire vortices (Pan)
  A lurking horror (Abyss:5)
2942 creatures vanquished.

Vanquished Creatures (collateral kills)
  A draconian monk (Zot:3)
  A shadow wraith (Crypt:1)
  A fire giant zombie (Crypt:3)
  A harpy simulacrum (Crypt:1)
  A raiju skeleton (Crypt:1)
  A wight (Crypt:3)
  A swamp drake skeleton (Crypt:2)
7 creatures vanquished.

Vanquished Creatures (others)
  An ancient champion (Crypt:1)
  2 draconian knights
  A vampire knight (Depths:4)
  2 rakshasas (Pan)
  A shadow demon (Pan)
  A glowing orange brain (Pan)
  3 wizards (Pan)
  2 smoke demons (Pan)
  An ice devil (Pan)
  A warg (D:11)
  An orc (Orc:1)
  6 ball lightnings (Pan)
  A bush (Lair:6)
  2 demonic plants (Abyss:3)
  A fire vortex (Pan)
  4 foxfires (Abyss:5)
  75 fungi
  A lurking horror (Abyss:5)
  157 plants
  A snaplasher vine (Crypt:2)
  6 starspawn tentacles (Abyss:3)
270 creatures vanquished.

Grand Total: 3219 creatures vanquished

Notes
Turn   | Place    | Note
-------+----------+-------------------------------------------
     0 | D:1      | Hasart the Demigod Hunter began the quest for the Orb.
     0 | D:1      | Reached XP level 1. HP: 17/17 MP: 3/3
     8 | D:1      | Noticed a swamp worm
     8 | D:1      | Noticed a water moccasin
     9 | D:1      | Noticed a wyvern
     9 | D:1      | Noticed a hog
    45 | D:1      | Reached skill level 1 in Stealth
    45 | D:1      | Reached XP level 2. HP: 13/24 MP: 4/4
   338 | D:1      | Reached skill level 4 in Bows
   357 | D:1      | Reached XP level 3. HP: 20/29 MP: 5/5
  1287 | D:2      | Noticed a black bear
  1481 | D:3      | Reached XP level 4. HP: 37/37 MP: 6/6
  1551 | D:3      | Noticed Robin
  1591 | D:3      | Killed Robin
  2699 | D:4      | Reached XP level 5. HP: 42/42 MP: 7/7
  2925 | D:4      | Reached skill level 5 in Bows
  3447 | D:4      | Noticed a necrophage
  3452 | D:4      | Killed a necrophage
  3453 | D:4      | Reached XP level 6. HP: 51/51 MP: 8/8
  3505 | D:2      | Noticed Terence
  3511 | D:2      | Killed Terence
  3808 | D:2      | Found Segyed's Distillery.
  3816 | D:2      | Bought a potion of heal wounds for 70 gold pieces
  3816 | D:2      | Bought a potion of curing for 42 gold pieces
  3952 | D:5      | Entered Level 5 of the Dungeon
  4000 | D:5      | Found a staircase to the Ecumenical Temple.
  4122 | D:5      | Reached XP level 7. HP: 50/57 MP: 9/9
  4387 | D:5      | Reached skill level 6 in Bows
  4592 | D:5      | Identified a scroll of acquirement
  4592 | D:5      | Acquired a manual of Translocations
  5387 | D:6      | Noticed Menkaure
  5395 | D:6      | Killed Menkaure
  5396 | D:6      | Reached XP level 8. HP: 32/66 MP: 10/10
  5619 | D:6      | Identified the +1 leather armour of the Morning {Int+4
                  | Dex+2}
  5679 | D:6      | Found a runed translucent door.
  5679 | D:6      | Noticed DEFE's ghost (novice OpFi)
  6320 | D:7      | Reached skill level 7 in Bows
  6977 | D:8      | Found Ituuf's Assorted Antiques.
  7019 | D:8      | Found Fizast's Armour Boutique.
  7280 | D:7      | Reached skill level 5 in Stealth
  7467 | D:8      | Reached skill level 5 in Dodging
  7476 | D:7      | Reached skill level 5 in Fighting
  7644 | D:8      | Found Fiejub's Assorted Antiques.
  7665 | D:8      | Reached skill level 8 in Bows
  7709 | D:8      | Reached XP level 9. HP: 36/74 MP: 11/11
  8116 | D:8      | Found Wygaloud's Antique Armour Boutique.
  8119 | D:8      | Bought a pair of embroidered gloves for 202 gold pieces
  8140 | D:8      | Found Dotol's Weapon Boutique.
  9195 | D:9      | Found a staircase to the Lair.
  9504 | D:8      | Reached skill level 9 in Bows
  9707 | D:9      | Noticed a five-headed hydra
  9734 | D:9      | Killed a five-headed hydra
  9735 | D:9      | Reached skill level 1 in Evocations
  9802 | D:9      | Noticed a two-headed ogre
 10224 | D:9      | Reached XP level 10. HP: 83/83 MP: 13/13
 10593 | D:10     | Entered Level 10 of the Dungeon
 10661 | D:10     | Noticed a two-headed ogre
 10694 | Lair:1   | Entered Level 1 of the Lair of Beasts
 10875 | D:9      | Reached skill level 10 in Bows
 10959 | Lair:1   | Noticed a black mamba
 10971 | Lair:1   | Killed a black mamba
 11418 | Lair:1   | Noticed a six-headed hydra
 11865 | D:10     | Killed a two-headed ogre
 12580 | D:11     | Noticed Psyche
 12580 | D:11     | Noticed a cyclops
 12856 | D:11     | Noticed a cyclops
 12865 | D:11     | Killed a cyclops
 13033 | D:10     | Killed a cyclops
 13034 | D:10     | Reached XP level 11. HP: 92/92 MP: 14/14
 13063 | D:11     | Noticed Maurice
 13178 | D:10     | Killed Maurice
 13343 | D:11     | Noticed a two-headed ogre
 13352 | D:11     | Killed a two-headed ogre
 13425 | D:11     | Reached skill level 11 in Bows
 13508 | D:11     | Found a staircase to the Orcish Mines.
 13538 | D:11     | Paralysed by something for 5 turns
 13715 | D:11     | Killed Psyche
 13952 | Orc:1    | Entered Level 1 of the Orcish Mines
 14002 | Orc:1    | Paralysed by an orc sorcerer for 3 turns
 14183 | D:11     | HP: 4/90 [orc priest/divine providence (16)]
 14184 | D:11     | Noticed a sixfirhy
 14311 | Orc:1    | Noticed an orc warlord
 14406 | D:9      | Killed a six-headed hydra
 14506 | Lair:1   | Reached skill level 5 in Evocations
 15340 | Lair:2   | Noticed an eight-headed hydra
 15488 | Lair:2   | Reached skill level 12 in Bows
 15585 | Lair:2   | Reached XP level 12. HP: 102/102 MP: 15/15
 16023 | Lair:2   | Killed an eight-headed hydra
 16442 | Lair:3   | Noticed Fannar
 16459 | Lair:3   | Killed Fannar
 16503 | Lair:3   | Noticed Nergalle
 16627 | Lair:3   | Killed Nergalle
 16813 | Lair:3   | Noticed an eight-headed hydra
 16830 | Lair:3   | Killed an eight-headed hydra
 16831 | Lair:3   | Reached skill level 13 in Bows
 17111 | Lair:3   | Noticed Gastronok
 17128 | Lair:3   | Killed Gastronok
 17484 | Lair:4   | Found a hole to the Spider Nest.
 17490 | Lair:4   | Reached skill level 10 in Stealth
 17636 | Lair:4   | Found a staircase to the Shoals.
 17829 | Lair:4   | Acquired 1038 gold pieces
 17831 | Lair:4   | Acquired the ring "Faak" {rPois Dex+4}
 18014 | D:8      | Bought the +8 longbow "Zephyr" {speed, Dex+3 SInv} for 1065
                  | gold pieces
 18014 | D:8      | Found the +8 longbow "Zephyr" {speed, Dex+3 SInv}
 18149 | D:12     | Reached XP level 13. HP: 109/111 MP: 16/16
 18273 | D:12     | Found a transporter.
 18274 | D:12     | Noticed anonymous's ghost (journeyman DEEE)
 18276 | D:12     | Identified the +8 giant club of Iloeram {flame, rPois rC+
                  | Int+3}
 18282 | D:12     | Found a transporter.
 18711 | D:12     | Reached skill level 1 in Translocations
 19072 | D:13     | Found a gate to the Vaults.
 19125 | D:13     | Reached skill level 1 in Spellcasting
 19127 | D:13     | Noticed Erolcha
 19255 | D:13     | Killed Erolcha
 19256 | D:13     | Reached skill level 14 in Bows
 19343 | D:11     | Killed an orc warlord
 19344 | D:11     | Reached skill level 10 in Dodging
 19531 | Orc:1    | Reached skill level 10 in Fighting
 19844 | Orc:2    | Entered Level 2 of the Orcish Mines
 19844 | Orc:2    | Found a staircase to the Elven Halls.
 19854 | Orc:2    | Noticed Azrael
 19913 | Orc:2    | Noticed Sonja
 19920 | Orc:2    | Killed Sonja
 19946 | Orc:2    | Found Tuskaaj's Distillery.
 19955 | Orc:2    | Bought a potion of might for 40 gold pieces
 20006 | Orc:2    | Killed Azrael
 20274 | Orc:2    | Found Latsuamnu's Antique Weapon Emporium.
 20447 | Orc:2    | Found Gacigh's Assorted Antiques.
 20447 | Orc:2    | Found Xiub's Armour Boutique.
 20448 | Orc:2    | Found Bepebes's Distillery.
 20452 | Orc:2    | Found Wude's Antique Weapon Shop.
 20459 | Orc:2    | Bought an embroidered scarf for 232 gold pieces
 20460 | Orc:2    | Bought the +3 Mad Mage's Maulers {Infuse+∞ RegenMP Int-3}
                  | for 520 gold pieces
 20460 | Orc:2    | Found the +3 Mad Mage's Maulers {Infuse+∞ RegenMP Int-3}
 21606 | Lair:5   | Reached skill level 5 in Translocations
 21662 | Lair:5   | Found a staircase to the Slime Pits.
 22312 | Lair:6   | Entered Level 6 of the Lair of Beasts
 22332 | Lair:6   | Reached XP level 14. HP: 122/122 MP: 22/22
 22578 | Lair:6   | Reached skill level 15 in Bows
 23409 | Lair:6   | Found a runed translucent door.
 24452 | D:13     | Noticed a storm dragon
 24461 | D:13     | Killed a storm dragon
 24462 | D:13     | Reached skill level 5 in Spellcasting
 24564 | D:13     | Identified the +2 robe "Fuovenib" {rF+}
 24831 | D:13     | Reached skill level 16 in Bows
 24846 | D:13     | Reached XP level 15. HP: 104/130 MP: 27/27
 25028 | D:14     | Cast into level 3 of the Abyss (a wizard)
 25579 | Abyss:3  | Noticed a tentacled starspawn
 25625 | Abyss:3  | Gained mutation: You are frail. (-10% HP) [a neqoxec]
 25749 | D:14     | Escaped the Abyss
 25838 | D:14     | Noticed Nessos
 25847 | D:14     | Killed Nessos
 25887 | D:14     | Found Peffiq's Antique Armour Shop.
 25997 | D:14     | Found Cukhlixt's Antique Armour Emporium.
 26028 | D:14     | Found Xuoraav's Assorted Antiques.
 26044 | D:14     | Bought a scroll of fear for 133 gold pieces
 26044 | D:14     | Bought a wand of iceblast (5) for 152 gold pieces
 26110 | D:14     | Noticed Lodul
 26114 | D:14     | Killed Lodul
 26559 | D:15     | Entered Level 15 of the Dungeon
 26563 | D:15     | Noticed Rupert
 26594 | D:15     | Killed Rupert
 27013 | D:15     | Found a staircase to the Depths.
 27151 | D:15     | Found a portal to a secret trove of treasure.
 27379 | D:15     | Noticed Roxanne
 27401 | D:15     | Killed Roxanne
 27725 | Spider:1 | Entered Level 1 of the Spider Nest
 28008 | Spider:2 | Noticed Mlioglotl
 28304 | Spider:1 | Reached skill level 10 in Translocations
 29087 | Spider:2 | Reached skill level 17 in Bows
 29146 | Spider:2 | Reached XP level 16. HP: 125/125 MP: 30/30
 29497 | Spider:2 | Noticed Arachne
 29525 | Spider:2 | Killed Arachne
 29688 | Spider:2 | Killed Mlioglotl
 30196 | Spider:3 | Acquired 961 gold pieces
 31256 | Spider:4 | Entered Level 4 of the Spider Nest
 31414 | Spider:4 | Noticed Kirke
 31438 | Spider:3 | Killed Kirke
 31830 | Spider:4 | Got the Handbook of the Frostbite
 32509 | Spider:4 | Got a gossamer rune of Zot
 32855 | Shoals:1 | Entered Level 1 of the Shoals
 32982 | Shoals:1 | Noticed Jorgrun
 32991 | Shoals:1 | Killed Jorgrun
 32994 | Shoals:1 | Noticed Louise
 32996 | Shoals:1 | Cast into level 3 of the Abyss (Louise)
 33023 | Shoals:1 | Escaped the Abyss
 33030 | Shoals:1 | Killed Louise
 33118 | Shoals:1 | Found Fucriera's Book Emporium.
 33145 | Shoals:1 | Bought a manual of Stealth for 960 gold pieces
 33145 | Shoals:1 | Bought an Inescapable Atlas for 408 gold pieces
 33148 | Shoals:1 | Learned a level 2 spell: Blink
 33686 | Shoals:2 | Reached XP level 17. HP: 133/133 MP: 33/33
 33810 | Shoals:2 | Reached skill level 18 in Bows
 33855 | Shoals:2 | Found a runed translucent gate.
 33855 | Shoals:2 | Found a runed translucent gate.
 33855 | Shoals:2 | Found a runed translucent gate.
 34153 | Shoals:2 | Noticed Edirash's ghost (adept MiBe)
 34430 | Shoals:3 | Found Elauf's Jewellery Boutique.
 34438 | Shoals:3 | Bought a ring of willpower for 500 gold pieces
 34762 | Shoals:3 | Reached skill level 1 in Armour
 34969 | Shoals:4 | Entered Level 4 of the Shoals
 35472 | Shoals:4 | Learned a level 7 spell: Enfeeble
 35666 | Shoals:4 | Identified the ring of Xammyqer {Fire rCorr MP-9 Str+4}
 35680 | Shoals:4 | Reached skill level 1 in Hexes
 36271 | Shoals:4 | Got a barnacled rune of Zot
 36617 | Depths:1 | Entered Level 1 of the Depths
 36637 | Depths:1 | Found Zucwet's General Store.
 36637 | Depths:1 | Found the -2 hat of the Alchemist {rElec rPois rF+ rC+ rN+
                  | Will+ rMut rCorr}
 36638 | Depths:1 | Found Cesoll's Book Shoppe.
 36638 | Depths:1 | Found Semirch's Antique Weapon Emporium.
 36661 | Depths:1 | Noticed a walking crystal tome
 36661 | Depths:1 | Noticed a walking earthen tome
 36989 | Depths:1 | Found Ekonaops's Armour Shoppe.
 37094 | Depths:1 | Identified the +8 double sword of Trauma {speed, rPois
                  | rCorr Dex+4}
 37094 | Depths:1 | Noticed a walking earthen tome
 37094 | Depths:1 | Noticed a walking crystal tome
 37316 | Depths:1 | You fall into a shaft and drop 1 floor!
 37325 | Depths:2 | Noticed a lich
 37330 | Depths:2 | Killed a lich
 37366 | Depths:1 | Identified the +6 double sword "Naxo" {drain, Dex+3}
 37366 | Depths:1 | Noticed a walking earthen tome
 37740 | Depths:2 | Identified the +0 short sword "Agetopt" {distort, rF+
                  | Dex+2}
 37789 | Depths:2 | Found a one-way gate leading to the halls of Pandemonium.
 38059 | Depths:2 | Reached XP level 18. HP: 141/141 MP: 35/35
 38675 | Depths:2 | Found a gateway to Hell.
 38815 | Depths:2 | Noticed a juggernaut
 38841 | Depths:2 | Killed a juggernaut
 39099 | Depths:1 | Found a one-way gate to the infinite horrors of the Abyss.
 39159 | Depths:1 | Identified the +5 scale mail of Othrebav {+Inv rPois Regen+
                  | SInv}
 39708 | Elf:1    | Entered Level 1 of the Elven Halls
 39901 | Elf:1    | Noticed Donald
 39913 | Elf:1    | Killed Donald
 40588 | Elf:1    | Paralysed by an air elemental for 1 turns
 40597 | Elf:1    | Reached skill level 19 in Bows
 40597 | Elf:1    | Paralysed by an air elemental for 1 turns
 40604 | Elf:1    | Paralysed by an air elemental for 1 turns
 40652 | Elf:2    | Found Tiaruf's General Store.
 40882 | Elf:2    | Found a runed translucent gate.
 40883 | Elf:2    | Found a runed translucent gate.
 40883 | Elf:2    | Found a runed translucent gate.
 41070 | Elf:3    | Entered Level 3 of the Elven Halls
 41222 | Elf:3    | Found Reuq's Distillery.
 41234 | Elf:3    | Bought a potion of heal wounds for 60 gold pieces
 41234 | Elf:3    | Bought a potion of mutation for 96 gold pieces
 41234 | Elf:3    | Bought a potion of cancellation for 96 gold pieces
 42218 | Elf:3    | Identified the ring of Ceaf {EV+4 Int+6}
 42236 | Elf:3    | Identified the +0 robe of Cowardice {rCorr}
 42316 | Elf:3    | Got the Grimoire of the Igneous Rocks
 42360 | Elf:3    | Identified the +2 scimitar "Merchefio" {flame, rC+ Str-5
                  | Int+7 SInv}
 42375 | Elf:3    | Identified the +7 plate armour "Nezxaveq" {-Cast rN++}
 42377 | Elf:3    | Identified the ring of Wonder {Ice rCorr}
 42380 | Elf:3    | Got the Tome of Moulding and Air
 42382 | Elf:3    | Identified the +0 pair of boots "Elicefih" {rN++}
 42444 | Elf:3    | Learned a level 3 spell: Summon Guardian Golem
 42640 | Vaults:1 | Entered Level 1 of the Vaults
 42696 | Vaults:1 | Reached skill level 5 in Armour
 42704 | Vaults:1 | Reached XP level 19. HP: 136/149 MP: 37/37
 42895 | Vaults:1 | Reached skill level 1 in Summonings
 43214 | Vaults:1 | Reached skill level 5 in Hexes
 43536 | Vaults:1 | Reached skill level 15 in Stealth
 45129 | Vaults:2 | Found the +3 salamander hide armour {Flames rF++ rC--}
 45405 | Vaults:2 | Found Zoreschu's Weapon Boutique.
 45513 | Vaults:2 | Learned a level 4 spell: Cause Fear
 45647 | Vaults:2 | Reached skill level 10 in Spellcasting
 45705 | Vaults:2 | Learned a level 5 spell: Summon Forest
 45912 | Vaults:3 | Found a staircase to the Crypt.
 46034 | Vaults:3 | Found Sywoh's Weapon Emporium.
 46254 | Vaults:3 | Found Ceint's Weapon Shop.
 46282 | Vaults:3 | Reached skill level 20 in Bows
 46282 | Vaults:3 | Reached XP level 20. HP: 158/158 MP: 39/39
 47513 | Vaults:4 | Found Xyroblon's Distillery.
 47522 | Vaults:4 | Bought a potion of curing for 54 gold pieces
 47522 | Vaults:4 | Bought a potion of curing for 54 gold pieces
 47522 | Vaults:4 | Bought a potion of curing for 54 gold pieces
 47522 | Vaults:4 | Bought a potion of haste for 180 gold pieces
 47522 | Vaults:4 | Bought a potion of curing for 54 gold pieces
 48986 | Crypt:1  | Entered Level 1 of the Crypt
 49288 | Crypt:1  | Reached skill level 5 in Summonings
 49654 | Crypt:1  | Reached skill level 15 in Dodging
 50023 | Crypt:1  | Identified the ring "Kucwot" {rPois AC+4 Int-5 SInv}
 50226 | Crypt:2  | Noticed Khufu
 50226 | Crypt:2  | Noticed a royal mummy
 50226 | Crypt:2  | Noticed a royal mummy
 50366 | Crypt:1  | Identified the +9 mace of the Skies Above {drain, Will-
                  | Dex+7 Stlth+}
 51530 | D:15     | Reached XP level 21. HP: 159/164 MP: 41/41
 52098 | Depths:3 | Reached skill level 15 in Fighting
 52342 | Orc:2    | Bought 2 potions of experience for 1400 gold pieces
 52342 | Orc:2    | Reached XP level 22. HP: 172/172 MP: 42/42
 52343 | Orc:2    | Reached XP level 23. HP: 179/179 MP: 43/43
 52824 | Depths:3 | Identified the ring "Fyajeomu" {Wiz Will+ rCorr Str-3
                  | Int+2}
 53087 | Depths:3 | Identified the ring "Saeklab" {rC+ Str+6 Int+6 SInv}
 53096 | Depths:3 | Noticed a juggernaut
 53110 | Depths:3 | Killed a juggernaut
 53111 | Depths:3 | Reached skill level 21 in Bows
 53510 | Depths:3 | Found a one-way gateway to a ziggurat.
 53724 | Depths:3 | Identified the +10 dagger "Omiohas" {flame, Will++ Int-2
                  | Stlth+}
 53941 | Depths:4 | Entered Level 4 of the Depths
 55047 | Depths:4 | Reached skill level 10 in Evocations
 55107 | Depths:4 | Found a gate to the Realm of Zot.
 55723 | Slime:1  | Entered Level 1 of the Pits of Slime
 55894 | Slime:2  | Noticed Dissolution
 55902 | Slime:2  | Killed Dissolution
 57277 | Slime:4  | Learned a level 5 spell: Silence
 57818 | Crypt:1  | Killed a royal mummy
 58040 | Crypt:2  | Killed Khufu
 58041 | Crypt:2  | Reached XP level 24. HP: 111/188 MP: 37/44
 58046 | Crypt:2  | Killed a royal mummy
 58366 | Crypt:3  | Entered Level 3 of the Crypt
 58374 | Crypt:3  | Reached skill level 1 in Air Magic
 58999 | Crypt:3  | Found a staircase to the Tomb.
 59921 | Crypt:3  | Noticed an ancient lich
 59932 | Crypt:3  | Killed an ancient lich
 59954 | Crypt:3  | Identified the ring of Kuixtyhi {rC+ Will+}
 60148 | Vaults:5 | Entered Level 5 of the Vaults
 60278 | Vaults:5 | Noticed an ancient lich
 60558 | Vaults:5 | Identified the +6 flail "Vesoel" {venom, Will+ MP-9 Int+3
                  | Stlth+}
 60664 | Vaults:5 | Reached skill level 22 in Bows
 60674 | Vaults:5 | Identified the +11 battleaxe of Causality {protect, Str+2
                  | Int+2}
 60756 | Vaults:5 | Identified the +6 chain mail "Umura" {rElec}
 61171 | Vaults:5 | Reached skill level 10 in Hexes
 61533 | Vaults:5 | Identified the +11 flail of the Sage {elec, Dex+4}
 61618 | Vaults:5 | Killed an ancient lich
 61723 | Vaults:5 | Noticed a dread lich
 61809 | Vaults:4 | Killed a dread lich
 62098 | Vaults:5 | Reached XP level 25. HP: 194/194 MP: 45/45
 62100 | Vaults:5 | Got a silver rune of Zot
 62829 | Zot:1    | Entered Level 1 of the Realm of Zot
 63000 | Zot:1    | Reached skill level 5 in Air Magic
 63886 | Zot:1    | Noticed an orb of fire
 63896 | Zot:1    | Killed an orb of fire
 64121 | Zot:2    | Acquired Kikubaaqudgha's Grimoire of Evil Magic
 64377 | Zot:2    | Reached skill level 10 in Summonings
 64917 | Zot:2    | Found the +4 dragonskin cloak
 64917 | Zot:2    | Noticed Tiamat
 65061 | Zot:2    | Identified the +7 trident "Plojy" {vorpal, +Blink rPois
                  | Int+4}
 65310 | Zot:2    | Killed Tiamat
 66087 | Zot:3    | Found Sinufuv's Changing Room.
 66122 | Zot:3    | Bought a potion of mutation for 112 gold pieces
 66362 | Zot:3    | Noticed an orb of fire
 66385 | Zot:3    | Killed an orb of fire
 66813 | Zot:4    | Reached XP level 26. HP: 186/205 MP: 46/46
 66832 | Zot:4    | Reached skill level 10 in Armour
 67499 | Zot:5    | Entered Level 5 of the Realm of Zot
 68242 | Pan      | Entered Pandemonium
 68903 | Pan      | Found an exit through the horrors of the Abyss.
 68972 | Pan      | Learned a level 4 spell: Iskenderun's Mystic Blast
 69352 | Pan      | Reached skill level 1 in Conjurations
 69352 | Pan      | Noticed Qelasaz the pandemonium lord
 69367 | Pan      | Killed Qelasaz the pandemonium lord
 69651 | Pan      | Noticed Orrudghiu the pandemonium lord
 69668 | Pan      | Killed Orrudghiu the pandemonium lord
 70231 | Pan      | Identified the +6 scale mail "Ricesap" {Harm rCorr MP-9}
 70348 | Pan      | Noticed Lixuduwk the pandemonium lord
 70369 | Pan      | Paralysed by a floating eye for 4 turns
 70382 | Pan      | Paralysed by a floating eye for 2 turns
 70387 | Pan      | Gained mutation: You are weak. (Str -2) [a shining eye]
 70388 | Pan      | Noticed Liporph the pandemonium lord
 70423 | Pan      | Acquired the +2 hat of Ysem {rPois SInv}
 70757 | Pan      | Killed Liporph the pandemonium lord
 70860 | Pan      | Got a demonic rune of Zot
 70874 | Pan      | Identified the +1 scale mail of the Known World {Rampage
                  | rElec Str-2 Stlth+}
 71560 | Pan      | Noticed Ippoit the pandemonium lord
 71593 | Pan      | Killed Ippoit the pandemonium lord
 72289 | Pan      | Reached skill level 5 in Conjurations
 72666 | Pan      | Noticed Oddemefi the pandemonium lord
 72683 | Pan      | Cast into level 5 of the Abyss (Oddemefi)
 72683 | Abyss:5  | Entered Level 5 of the Abyss
 72900 | Abyss:5  | Found a transporter.
 72905 | Abyss:5  | Noticed an ancient lich
 72927 | Abyss:5  | Killed an ancient lich
 73143 | Abyss:5  | Found a transporter.
 73146 | Abyss:5  | Found a transporter.
 73157 | Abyss:5  | Reached XP level 27. HP: 163/213 MP: 47/47
 73157 | Abyss:5  | Got an abyssal rune of Zot
 73165 | Abyss:5  | Found a transporter.
 73173 | Pan      | Escaped the Abyss
 73555 | Pan      | Killed Oddemefi the pandemonium lord
 73603 | Pan      | Identified the amulet "Akitino" {Spirit Will+ Int+3}
 73620 | Depths:2 | Escaped Pandemonium
 74465 | D:15     | You paid a toll of a +5 demon blade to enter a treasure
                  | trove
 74466 | Trove    | Entered a treasure trove
 74473 | Trove    | Identified the ring "Hilitzyl" {rElec rPois rC- Str+4
                  | Int+10}
 74477 | Trove    | Identified the ring "Mizufal" {rC+ Str+6}
 74478 | Trove    | Identified the amulet of Dija {Faith Str+7 Int+3 Stlth+}
 74479 | Trove    | Identified the amulet of Ru's Inspiration {-Tele rElec rC+
                  | Will- Regen+ Dex+5}
 74481 | Trove    | Identified the ring of the Devil's Advocate {Fly rPois
                  | rCorr SInv}
 74482 | Trove    | Identified the ring "Mikiadyi" {rPois rF+ Str+3 Int+4
                  | Dex-4}
 74486 | Trove    | Identified the ring of the Shouting Hero {rPois Dex+6}
 74487 | Trove    | Identified the ring of Uginetio {rElec Dex+6}
 74488 | Trove    | Identified the ring "Miedwudgh" {rElec rPois rC+ MP+9
                  | Int+2}
 74867 | Tomb:1   | Entered Level 1 of the Tomb of the Ancients
 75257 | Tomb:1   | Reached skill level 15 in Hexes
 76536 | Pan      | Entered the realm of Mnoleg.
 76536 | Pan      | Entered Pandemonium
 76578 | Pan      | Acquired the ring "Cefyonont" {Str-3 Int+4 Dex+6 Slay+4}
 76764 | Pan      | Gained mutation: Armour fits poorly on your strangely
                  | shaped body. [a neqoxec]
 76802 | Pan      | Identified the +0 robe "Tekaotuna" {rN+ rCorr Int+5}
 76944 | Pan      | Noticed Mnoleg
 76946 | Pan      | Gained mutation: Your body sometimes deteriorates upon
                  | taking damage. [a cacodemon]
 77488 | Pan      | Gained mutation: You are occasionally teleported next to
                  | monsters. [a cacodemon]
 77515 | Pan      | Lost mutation: Your body sometimes deteriorates upon taking
                  | damage. [potion of mutation]
 77515 | Pan      | Lost mutation: You are frail. (-10% HP) [potion of
                  | mutation]
 77515 | Pan      | Lost mutation: You are weak. (Str -2) [potion of mutation]
 77515 | Pan      | Gained mutation: You are agile. (Dex +2) [potion of
                  | mutation]
 77515 | Pan      | Gained mutation: You have hidden genetic defects. [potion
                  | of mutation]
 77515 | Pan      | Gained mutation: You are covered in fur. (AC +1) [potion of
                  | mutation]
 77516 | Pan      | Lost mutation: You are agile. (Dex +2) [potion of mutation]
 77516 | Pan      | Lost mutation: Armour fits poorly on your strangely shaped
                  | body. [potion of mutation]
 77516 | Pan      | Lost mutation: You have hidden genetic defects. [potion of
                  | mutation]
 77516 | Pan      | Gained mutation: Your spells are a little harder to cast,
                  | but a little more powerful. [potion of mutation]
 77517 | Pan      | Lost mutation: You are covered in fur. (AC +1) [potion of
                  | mutation]
 77517 | Pan      | Lost mutation: Your spells are a little harder to cast, but
                  | a little more powerful. [potion of mutation]
 77517 | Pan      | Gained mutation: You occasionally shout uncontrollably at
                  | your foes. [potion of mutation]
 77517 | Pan      | Gained mutation: You are sometimes teleported next to
                  | monsters. [potion of mutation]
 77517 | Pan      | Gained mutation: You have large cloven feet. [potion of
                  | mutation]
 77518 | Pan      | Lost mutation: You have large cloven feet. [potion of
                  | mutation]
 77518 | Pan      | Lost mutation: You are sometimes teleported next to
                  | monsters. [potion of mutation]
 77518 | Pan      | Gained mutation: Your mind is acute. (Int +2) [potion of
                  | mutation]
 77518 | Pan      | Gained mutation: You have a pair of small horns on your
                  | head. [potion of mutation]
 77518 | Pan      | Gained mutation: You passively map a small area around you.
                  | [potion of mutation]
 77519 | Pan      | Lost mutation: Your mind is acute. (Int +2) [potion of
                  | mutation]
 77519 | Pan      | Lost mutation: You are occasionally teleported next to
                  | monsters. [potion of mutation]
 77519 | Pan      | Lost mutation: You have a pair of small horns on your head.
                  | [potion of mutation]
 77519 | Pan      | Gained mutation: You are weak. (Str -2) [potion of
                  | mutation]
 77519 | Pan      | Gained mutation: You expend magic power (3 MP) to
                  | strengthen your wands. [potion of mutation]
 77622 | Pan      | Killed Mnoleg
 77678 | Pan      | Gained mutation: Your body sometimes deteriorates upon
                  | taking damage. [a cacodemon]
 78121 | Pan      | Got a glowing rune of Zot
 78496 | Pan      | Gained mutation: You have hidden genetic defects. [a
                  | neqoxec]
 78512 | Pan      | Noticed Pillaix the pandemonium lord
 78933 | Pan      | Noticed Pyil the pandemonium lord
 78952 | Pan      | Killed Pyil the pandemonium lord
 79042 | Pan      | Reached skill level 15 in Spellcasting
 79042 | Pan      | Reached skill level 10 in Conjurations
 79047 | Pan      | Lost mutation: Your body sometimes deteriorates upon taking
                  | damage. [potion of mutation]
 79047 | Pan      | Lost mutation: You occasionally shout uncontrollably at
                  | your foes. [potion of mutation]
 79047 | Pan      | Gained mutation: You are very weak. (Str -4) [potion of
                  | mutation]
 79047 | Pan      | Gained mutation: You are agile. (Dex +2) [potion of
                  | mutation]
 79047 | Pan      | Gained mutation: You have supernaturally acute eyesight.
                  | (SInv) [potion of mutation]
 79048 | Pan      | Lost mutation: You are very weak. (Str -4) [potion of
                  | mutation]
 79048 | Pan      | Lost mutation: You expend magic power (3 MP) to strengthen
                  | your wands. [potion of mutation]
 79048 | Pan      | Lost mutation: You have supernaturally acute eyesight.
                  | (SInv) [potion of mutation]
 79048 | Pan      | Gained mutation: You are robust. (+10% HP) [potion of
                  | mutation]
 79049 | Pan      | Lost mutation: You have hidden genetic defects. [potion of
                  | mutation]
 79049 | Pan      | Lost mutation: You are robust. (+10% HP) [potion of
                  | mutation]
 79049 | Pan      | Lost mutation: You passively map a small area around you.
                  | [potion of mutation]
 79049 | Pan      | Gained mutation: Your skin changes colour to match your
                  | surroundings (Stealth+). [potion of mutation]
 79049 | Pan      | Gained mutation: You are dopey. (Int -2) [potion of
                  | mutation]
 79375 | Pan      | Learned a level 8 spell: Necromutation
 79421 | Pan      | Reached skill level 23 in Bows
 79786 | Pan      | Entered the realm of Lom Lobon.
 79786 | Pan      | Noticed Lom Lobon
 79799 | Pan      | Reached skill level 1 in Transmutations
 79810 | Pan      | Reached skill level 1 in Necromancy
 80327 | Pan      | Killed Lom Lobon
 80457 | Pan      | Got a magical rune of Zot
 80952 | Pan      | Noticed Sufetetu the pandemonium lord
 80963 | Pan      | Killed Sufetetu the pandemonium lord
 81482 | Pan      | Entered the realm of Gloorx Vloq.
 82115 | Pan      | Noticed Gloorx Vloq
 82130 | Pan      | Killed Gloorx Vloq
 82131 | Pan      | Reached skill level 5 in Necromancy
 82131 | Pan      | Reached skill level 5 in Transmutations
 82349 | Pan      | Got a dark rune of Zot
 82466 | Pan      | Entered the realm of Cerebov.
 83254 | Pan      | Identified the +9 flail of Qossyif {vamp, Fly rC+ rN+ MP-9}
 83271 | Pan      | Identified the ring "Dulaixuph" {Fire *Slow Will+++ Str-4
                  | Dex+8}
 83338 | Pan      | Got the Incunabulum of Fire and Cold
 83357 | Pan      | Upgraded the game from 0.29-a0-206-g4a66f2e2b5 to
                  | 0.29-a0-214-g17f627cfee
 83375 | Pan      | Identified the +9 dire flail of Buxiud {vamp, rCorr}
 83415 | Pan      | Identified the ring of the Sturgeon {*Corrode rC- MP+9
                  | Str+6 Dex+6}
 83429 | Pan      | Identified the +4 flail of Livu {chaos, rF++}
 83489 | Pan      | Found the +6 sword of Cerebov {flame}
 83489 | Pan      | Noticed Cerebov
 83524 | Pan      | Killed from afar by a Brimstone Fiend

Illustrated notes

Levels and vault maps discovered:
D:1:      onia_arrival_zoo_common, layout_loops_ring,
          amcnicky_mini_rare_corridor_liquid
D:2:      layout_rooms, serial_shops, nicolae_shop_hallway_stairs, basic_altar,
          uniq_terence
D:3:      mumra_celtic_spiral_tile, layout_basic,
          pdpol_temple_overflow_zin_treasury_gozag_greed,
          hellmonk_ecumenical_altar_run_dry, uniq_robin
D:4:      layout_cave_pods
D:5:      layout_rooms, minmay_temple_entry_large_hall
D:6:      layout_loops_corners, hellmonk_ghost_happy_afterlife, uniq_menkaure
D:7:      layout_rooms, nicolae_wu_jian_immortal_techniques,
          amcnicky_altar_gilded
D:8:      layout_cave_pools, enter_bailey_2, serial_shops,
          nicolae_shop_behind_doors, nicolae_square_shop, shop_fountains,
          nicolae_shop_bloodbath_and_beyond, shop, serial_bayou,
          serial_bayou_ford_a, serial_bayou_shore_a, serial_bayou_pond_a,
          serial_bayou_pond_a, kennysheep_another_room
D:9:      layout_basic, nicolae_sif_muna_little_library,
          due_lair_maze_entry_diamond
D:10:     layout_basic, lemuel_doored_altar, mainiacjoe_overflow_alcove_2,
          nicolae_tso_carved_into_rock, nicolae_concentric_dashed_squares_wild,
          minmay_misc_feat_columns
D:11:     layout_cave_pools, david_orc_1_choice, uniq_psyche, uniq_maurice
D:12:     layout_basic, gammafunk_ghost_smash
D:13:     layout_basic, david_vaults_3, minmay_diamond_spiral, uniq_erolcha
D:14:     layout_roguey, serial_shops, nicolae_shop_trees, shop, shop,
          gauntlet_entry_generic, chequers_mini_garden,
          nicolae_qazlal_style_of_elements, uniq_lodul, uniq_nessos
D:15:     grunt_enter_depths_hoard, layout_stronghold,
          nicolae_trove_entry_columns, elyvilon_altar_1, st_stairs_4,
          cheibrodos_ashenzari_chains, uniq_rupert, uniq_roxanne
Lair:1:   layout_cave_pods, wad_woods_road_03
Lair:2:   layout_cave_pods, infiniplex_staircase_pool
Lair:3:   layout_loops_ring, basic_altar, uniq_nergalle, uniq_gastronok,
          uniq_fannar
Lair:4:   layout_small_grid, minmay_shoals_entry_centaurs,
          spider_nest_entry_webs, st_stairs_3
Lair:5:   layout_cellular_growth, dpeg_slime_entry_enclosed_altar,
          bobbens_ice_dragon_lair, grunt_megastairs_5, lemuel_fruit_fields
Lair:6:   wormcave, layout_regular_city, grunt_forest_large_clearings
Shoals:1: layout_shoals, serial_shops, shop, uniq_jorgrun, uniq_louise
Shoals:2: layout_shoals, ebering_ghost_rock_garden
Shoals:3: layout_shoals, serial_shops, nicolae_shop_stone,
          nicolae_shoals_this_corrosion
Shoals:4: shoals_end_grunt_ice, layout_shoals
Spider:1: layout_spider_delve, special_room [special_room_bee],
          einodemon_crawler_minivault
Spider:2: layout_spider_delve, hellmonk_test_site, uniq_mlioglotl, uniq_arachne
Spider:3: layout_chambers, nicolae_spider_spiderdrome
Spider:4: hellmonk_spider_rune_bug_friends, uniq_kirke
Slime:1:  layout_caves
Slime:2:  layout_caves, dissolution_awaits
Slime:3:  layout_caves, cheibrodos_slime_lost_civilization_5
Slime:4:  layout_caves, basic_altar
Orc:1:    layout_caves
Orc:2:    st_orc_mages, layout_caves, serial_shops,
          nicolae_shop_competitors_out_of_business, shop, uniq_sonja,
          uniq_azrael
Elf:1:    eino_elf_arrival_customs, layout_rooms, hangedman_corner_corridor,
          nicolae_elf_loose_elemental_storage, uniq_donald
Elf:2:    nicolae_elf_blades_crystal_corner, layout_geoelf_octagon, basic_altar,
          serial_shops, shop, serial_glass, glass_columns_a, glass_columns_a
Elf:3:    elf_hall, layout_loops_corners, serial_shops, nicolae_lakefront_shop
Vaults:1: v_misc_27, v_misc_9, vaults_room_door_hall, vaults_mumra_hex,
          v_misc_10, v_misc_9, grunt_vaults_bifocal, ontoclasm_vaults_ligature,
          ontoclasm_vaults_ring_square, ontoclasm_vaults_misaligned,
          st_spiral_rooms, vaults_mumra_lcd, vaults_dpeg_diagonal,
          layout_vaults_omnibox
Vaults:2: v_misc_24, vaults_room_corners, st_octagons_2,
          nicolae_vaults_angled_halls, hangedman_vaults_impose, v_misc_18,
          vaults_room_corners, layout_vaults_quadrants, serial_shops,
          nicolae_square_shop
Vaults:3: ontoclasm_vaults_pinch, hangedman_vaults_impose,
          nicolae_vaults_display_case, vaults_room_semicircle,
          hangedman_vaults_slither, hangedman_vaults_stagger,
          minmay_crypt_entry_necro_gods, nicolae_vaults_little_squares_4,
          dpeg_vaults_monster_box, ontoclasm_vaults_eye,
          nicolae_vaults_yaktaur_gun_rack, nicolae_vaults_what_the_h,
          layout_vaults_omnicross, serial_shops, nicolae_shop_hallway_stairs
Vaults:4: v_misc_13, ontoclasm_vaults_bender, v_pattern_4, v_misc_33,
          hangedman_vaults_trim, nicolae_vaults_border_crossing,
          dpeg_vaults_monster_row, nicolae_vaults_angled_halls,
          nicolae_vaults_three_branches, nicolae_vaults_little_squares_3,
          nicolae_vaults_little_ls, layout_vaults_big_room, serial_shops, shop
Vaults:5
Crypt:1:  layout_misc_corridors, st_chilly_death
Crypt:2:  layout_chaotic_city, basic_altar, uniq_khufu
Crypt:3:  due_elkab, layout_chaotic_city
Tomb:1
Depths:1: layout_roguey, abyss_entry, hell_entry, nicolae_rock_paper_scissors,
          kennysheep_random_hallway, minmay_shoptagon, serial_bayou_shore_b
Depths:2: minmay_the_grid_plus_closed [minmay_the_grid_minigrid_large,
          minmay_the_grid_airy, minmay_the_grid_box_x, minmay_the_grid_doors,
          minmay_the_grid_prize_inner_circle], layout_cave_shapes,
          rand_demon_pan_entry_5, xom_redecorated, hell_entry
Depths:3: minmay_complete_graph, layout_honeycomb, enter_ziggurat_b,
          pf_vacation_house_of_asmodeus, abyss_entry_small_statue_room,
          nicolae_ru_sacrificial_ziggurat, firewood_loft
Depths:4: grunt_zot_entry_pinwheel, layout_gridlike, grunt_mini_vestibule,
          minmay_misc_feat_ornament
Zot:1:    layout_onion, hangedman_player_shredder
Zot:2:    layout_twisted_circle, uniq_tiamat
Zot:3:    grunt_deathspiral_small, layout_onion_interference,
          nicolae_transmutations_shop
Zot:4:    layout_cathedral_of_symmetry, skrybe_zot_glass_2
Zot:5:    layout_cathedral_of_symmetry, st_stairs_5, skrybe_zot_glass_3
Pan:      evilmike_mini_pan_doors_b, layout_onion_city, nicolae_pan_mnolegish_1,
          evilmike_mini_pan_3x3, layout_long_grid, evilmike_mini_pan_corner,
          layout_grid_shapes, nicolae_pan_cerebovesque_3, evilmike_mini_pan_T,
          layout_cellular_growth, evilmike_mini_pan_corridor,
          layout_irregular_city, reaverb_pan_chaos_star, rand_demon_4,
          layout_gridville, mnoleg_grunt_wretched_star, layout_gridlike,
          nicolae_pan_mnolegish_4, nicolae_pan_diamonds, layout_basic,
          rand_demon_4, layout_basic, pan_blood_fountain_small, lom_lobon_grunt,
          layout_basic, rand_demon_1, layout_grid_shapes, gloorx_vloq_grunt,
          layout_small_grid, cerebov_grunt_fire_and_steel, layout_basic

Skill      XL: |  1  2  3  4  5  6  7  8  9 10 11 12 13 14 15 16 17 18 19 20 21 22 23 24 25 26 27 |
---------------+----------------------------------------------------------------------------------+-----
Fighting       | 2 3 4 5 6 7 8 9 10 11 12 13 14 15 16 17 19 | 19.0
Dodging        | 2 3 4 5 6 7 8 9 10 11 12 13 14 15 16 17 19 | 19.1
Stealth        | 1 2 3 4 5 6 7 8 10 12 13 14 15 16 17 18 | 18.0
Bows           | 4 5 6 8 9 10 12 13 14 16 17 18 19 20 21 22 23 | 23.3
Evocations     | 1 3 5 6 7 8 9 10 | 10.0
Translocations | 5 8 10 12 13 14 | 14.0
Spellcasting   | 3 5 6 7 8 9 10 11 12 13 14 15 | 15.6
Armour         | 3 5 6 7 8 9 11 12 | 12.0
Hexes          | 2 4 6 7 9 10 12 14 17 | 17.0
Summonings     | 3 5 6 7 9 10 11 12 | 12.0
Air Magic      | 4 7 |  7.0
Conjurations   | 6 10 | 10.0
Transmutations | 6 |  6.7
Necromancy     | 6 |  6.7

Action                   |  1- 3 |  4- 6 |  7- 9 | 10-12 | 13-15 | 16-18 | 19-21 | 22-24 | 25-27 || total
-------------------------+-------+-------+-------+-------+-------+-------+-------+-------+-------++-------
Melee: Longbow           |       |       |       |       |     4 |    22 |     2 |       |       ||    28
 Fire: Shortbow          |   133 |   177 |   402 |   982 |       |       |       |       |       ||  1694
       Longbow           |       |       |       |    19 |  1524 |  1937 |  1865 |  2113 |  4262 || 11720
 Cast: Blink             |       |       |       |       |       |     1 |     1 |       |       ||     2
       Cause Fear        |       |       |       |       |       |       |     2 |       |       ||     2
       Summon Forest     |       |       |       |       |       |       |     8 |     6 |     3 ||    17
       Summon Guardian G |       |       |       |       |       |       |     7 |       |       ||     7
       Silence           |       |       |       |       |       |       |       |     3 |     3 ||     6
       Enfeeble          |       |       |       |       |       |       |       |       |    76 ||    76
       Iskenderun's Myst |       |       |       |       |       |       |       |       |     1 ||     1
Evoke: Wand              |       |       |     8 |     8 |     3 |     1 |     2 |       |     1 ||    23
       Box of beasts     |       |       |       |       |       |     1 |       |       |       ||     1
       Condenser vane    |       |       |       |       |       |       |       |       |     2 ||     2
  Use: Scroll            |       |       |    18 |    11 |     5 |    12 |     4 |     6 |    23 ||    79
       Potion            |       |       |       |     2 |     4 |       |     5 |     6 |    10 ||    27
Armor: Leather armour    |    15 |    34 |    57 |       |       |       |       |       |       ||   106
       Acid dragon scale |       |       |    68 |    29 |       |       |       |       |       ||    97
       Troll leather arm |       |       |       |   120 |    84 |    53 |    44 |    46 |   132 ||   479
       Scale mail        |       |       |       |       |       |     5 |       |       |       ||     5
Dodge: Dodged            |    49 |    82 |   281 |   569 |   440 |   541 |   612 |   577 |  1273 ||  4424
       Repelled          |       |       |       |       |       |     7 |     5 |    16 |    10 ||    38
Block: Other             |       |       |     8 |   126 |    83 |   102 |   111 |   105 |   116 ||   651
       Reflection        |       |       |       |     6 |     6 |    10 |    12 |     1 |     3 ||    38

Table legend: (Time is in decaauts)
 A = Elapsed time spent in this place.
 B = Non-inter-level travel time spent in this place.
 C = Inter-level travel time spent in this place.
 D = Time resting spent in this place.
 E = Time spent auto-exploring this place.
 F = Levels seen in this place.
 G = Mean time per level.
                   A        B        C        D        E       F      G
               +--------+--------+--------+--------+--------+-----+--------+
         Total |  79130 |  69889 |   9241 |   7730 |  43902 |  73 | 1084.0 |
       Dungeon |  20286 |  16864 |   3422 |   2279 |  11240 |  15 | 1352.4 |
          Lair |   7883 |   6754 |   1129 |    393 |   4918 |   6 | 1313.8 |
        Shoals |   3519 |   3272 |    247 |     88 |   2061 |   4 |  879.8 |
   Spider Nest |   4844 |   4383 |    461 |    451 |   2772 |   4 | 1211.0 |
    Slime Pits |   1477 |   1322 |    155 |    115 |    961 |   4 |  369.2 |
  Orcish Mines |   1240 |   1086 |    154 |     39 |    622 |   2 |  620.0 |
   Elven Halls |   2723 |   2417 |    306 |    179 |   1701 |   3 |  907.7 |
        Vaults |   8930 |   7580 |   1350 |    773 |   4674 |   5 | 1786.0 |
         Crypt |   4118 |   3466 |    652 |    339 |   2032 |   3 | 1372.7 |
          Tomb |   1209 |   1134 |     75 |     68 |    731 |   1 | 1209.0 |
        Depths |   6407 |   5365 |   1042 |    680 |   3101 |   4 | 1601.8 |
           Zot |   4678 |   4436 |    242 |    602 |   2756 |   5 |  935.6 |
         Abyss |   1099 |   1099 |      0 |    365 |      0 |   3 |  366.3 |
   Pandemonium |  10636 |  10636 |      0 |   1354 |   6328 |  13 |  818.2 |
         Trove |     74 |     74 |      0 |      0 |      2 |   1 |   74.0 |
               +--------+--------+--------+--------+--------+-----+--------+

Top non-repeatable levels by time:
Vaults:3: 2185 daAuts
    D:15: 2066 daAuts
Vaults:1: 1973 daAuts
    D:10: 1968 daAuts
Depths:2: 1931 daAuts
Depths:1: 1806 daAuts
Spider:3: 1791 daAuts
     D:8: 1738 daAuts
Vaults:5: 1710 daAuts
Vaults:4: 1695 daAuts
     D:9: 1616 daAuts
     D:6: 1604 daAuts
  Lair:1: 1597 daAuts
  Lair:6: 1577 daAuts
 Crypt:1: 1565 daAuts
